[Event "Team 45 45 League T43"]
[Site "Internet Chess Club"]
[Date "2009.11.09"]
[Round "2"]
[White "Boromir"]
[Black "DaMaGor"]
[Result "1-0"]
[WhiteElo "1982"]
[BlackElo "1965"]
[Opening "Pirc: classical (two knights) system"]
[ECO "B08"]
[Time "16:11:39"]
[TimeControl "2700+45"]

1. Nf3 d6 2. d4 g6 3. e4 Nf6 4. Nc3 Bg7 5. Be3 O-O 6. Be2 c6 7. Qd2 Qc7 8. h4 h5
9. Ng5 e5 10. f3 d5 11. O-O-O dxe4 12. Ncxe4 Nd5 13. Bf2 Nf4 14. Bc4 exd4 15. g3
Ne6 16. Nxe6 Bxe6 17. Bxe6 fxe6 18. Bxd4 e5 19. Bc5 Rxf3 20. Qd8+ Qxd8 21. Rxd8+
Bf8 22. Ng5 Rf6 23. Re1 Na6 24. Rxa8 Nxc5 25. Rxe5 Kg7 26. Rxf8 {Black resigns}
1-0

[Event "Team 45 45 League T43"]
[Site "Internet Chess Club"]
[Date "2009.11.09"]
[Round "2"]
[White "Vaigpertu"]
[Black "andretta"]
[Result "1/2-1/2"]
[WhiteElo "2201"]
[BlackElo "2371"]
[Opening "Catalan: closed, 5.Nf3"]
[ECO "E06"]
[Time "17:00:07"]
[TimeControl "2700+45"]

1. d4 Nf6 2. c4 e6 3. g3 d5 4. Nf3 Be7 5. Bg2 O-O 6. O-O dxc4 7. Qc2 a6 8. Qxc4
b5 9. Qc2 Bb7 10. Bg5 Nbd7 11. Bxf6 Nxf6 12. Nbd2 Rc8 13. Nb3 c5 14. dxc5 Bd5
15. Nfd2 Bxg2 16. Kxg2 Bxc5 17. Nxc5 Qd5+ 18. Nde4 Nxe4 19. Qxe4 Qxc5 20. e3
{Game drawn by mutual agreement} 1/2-1/2

[Event "Team 45 45 League T43"]
[Site "Internet Chess Club"]
[Date "2009.11.05"]
[Round "2"]
[White "Colombiano07"]
[Black "nodoy1"]
[Result "0-1"]
[WhiteElo "2136"]
[BlackElo "2072"]
[Opening "KGD: Keene's defense"]
[ECO "C30"]
[Time "17:01:01"]
[TimeControl "2700+45"]

1. e4 e5 2. f4 Qh4+ 3. g3 Qe7 4. fxe5 d6 5. Nf3 dxe5 6. Bc4 Bg4 7. d3 Nc6 8. c3
O-O-O 9. O-O h5 10. Qe1 f6 11. Nh4 Qe8 12. Be3 g5 13. Nf5 h4 14. gxh4 gxh4 15.
Nd2 Bh3 16. Rf3 Qg6+ {White resigns} 0-1

[Event "Team 45 45 League T43"]
[Site "Internet Chess Club"]
[Date "2009.11.09"]
[Round "2"]
[White "trucazzo"]
[Black "xakelari"]
[Result "1/2-1/2"]
[WhiteElo "2109"]
[BlackElo "2063"]
[Opening "Giuoco Piano"]
[ECO "C54"]
[Time "16:00:15"]
[TimeControl "2700+45"]

1. e4 e5 2. Nf3 Nc6 3. Bc4 Bc5 4. c3 Nf6 5. O-O Nxe4 6. d4 exd4 7. cxd4 d5 8.
dxc5 dxc4 9. Qxd8+ Kxd8 10. Rd1+ Bd7 11. Be3 Re8 12. Na3 f6 13. Nxc4 Ke7 14. Nd4
Nxd4 15. Bxd4 Be6 16. Nd2 Nxd2 17. Rxd2 Rad8 18. f3 c6 19. Kf2 Bd5 20. Re1+ Kf7
21. Rxe8 Rxe8 22. b3 Re7 23. h4 h5 24. Be3 Re8 {Game drawn by mutual agreement}
1/2-1/2

[Event "Team 45 45 League T43"]
[Site "Internet Chess Club"]
[Date "2009.11.08"]
[Round "2"]
[White "Telos"]
[Black "mdennis92"]
[Result "0-1"]
[WhiteElo "2428"]
[BlackElo "2156"]
[Opening "QGD semi-Slav: 5.e3"]
[ECO "D45"]
[Time "11:00:28"]
[TimeControl "2700+45"]

1. d4 d5 2. c4 c6 3. Nc3 Nf6 4. e3 e6 5. Nf3 Bd6 6. Qc2 Nbd7 7. g4 Bb4 8. Bd2
Bxc3 9. Bxc3 Ne4 10. Bd3 Nxc3 11. Qxc3 Qf6 12. Ne5 Nxe5 13. dxe5 Qh4 14. Rg1
Qxh2 15. Ke2 Qh4 16. g5 Bd7 17. f4 dxc4 18. Be4 Qh5+ 19. Kf2 f6 20. Rh1 Qf7 21.
exf6 gxf6 22. gxf6 O-O-O 23. Rag1 Rhf8 24. Rh6 e5 25. Rg7 Qe6 26. Re7 Qd6 27.
Rxe5 Rxf6 28. Rxf6 Qxf6 29. Rh5 Qe6 30. Qe5 Qg4 31. Rxh7 Rg8 32. Rh8 Qg3+ 33.
Ke2 Bg4+ 34. Kf1 Bh3+ 35. Ke2 Qh2+ 36. Ke1 Qg1+ 37. Kd2 Qf2+ 38. Kc3 Qxe3+ 39.
Kc2 Qe2+ 40. Kc3 Qe3+ 41. Kb4 c5+ 42. Kb5 Bd7+ 43. Kxc4 b5+ 44. Kd5 Qd2+ 45.
Kxc5 Qc1+ 46. Kd4 Qd2+ 47. Kc5 Qc1+ 48. Kd4 Qxb2+ 49. Ke3 Qc1+ 50. Kf2 Qd2+ 51.
Kf3 Bg4+ 52. Kg3 Qe3+ 53. Kh2 Qf2+ 54. Kh1 Bf3+ {White resigns} 0-1

[Event "Team 45 45 League T43"]
[Site "Internet Chess Club"]
[Date "2009.11.08"]
[Round "2"]
[White "kingcapture"]
[Black "goala"]
[Result "1-0"]
[WhiteElo "2319"]
[BlackElo "2157"]
[Opening "Réti: King's Indian attack, French variation"]
[ECO "C00"]
[Time "18:05:22"]
[TimeControl "2700+45"]

1. e4 e6 2. d3 d5 3. Nd2 Nf6 4. g3 Be7 5. Bg2 O-O 6. Ngf3 c5 7. O-O Nc6 8. Re1
b5 9. e5 Nd7 10. Nf1 f6 11. exf6 Nxf6 12. d4 Bd6 13. c3 b4 14. cxb4 Nxb4 15. a3
Nc6 16. dxc5 Bxc5 17. b4 Bb6 18. Be3 Ne4 19. N1d2 Bxe3 20. Rxe3 Nxd2 21. Qxd2
Qb6 22. Ng5 Nd4 23. Rd3 Nc6 24. Re1 Ne7 25. Bh3 e5 26. Rxe5 Qf6 27. Be6+ Kh8 28.
Qe1 Bxe6 29. Nxe6 Ng6 30. Rexd5 Rae8 31. Re3 Rf7 32. Rd2 Rfe7 33. Rde2 h5 34. b5
h4 35. a4 h3 36. Re4 Rc8 37. Qf1 Qf5 38. Nd4 Qh5 39. Rxe7 Nxe7 40. Rxe7 Rd8 41.
Re4 {Black resigns} 1-0

[Event "Team 45 45 League T43"]
[Site "Internet Chess Club"]
[Date "2009.11.09"]
[Round "2"]
[White "Russian"]
[Black "demo05"]
[Result "0-1"]
[WhiteElo "2073"]
[BlackElo "2086"]
[Opening "Pirc defense"]
[ECO "B07"]
[Time "15:30:21"]
[TimeControl "2700+45"]

1. e4 d6 2. d4 Nf6 3. Nc3 g6 4. f3 c6 5. Be3 Nbd7 6. Qd2 b5 7. O-O-O Qa5 8. Kb1
b4 9. Nce2 Nb6 10. Nc1 Na4 11. Bc4 Rb8 12. Bb3 Bg7 13. Nge2 O-O 14. g4 Ba6 15.
h4 c5 16. h5 c4 17. Bxa4 Qxa4 18. c3 Bb7 19. hxg6 fxg6 20. d5 Nd7 21. Bh6 Rf7
22. Bxg7 Rxg7 23. f4 Nf6 24. Qd4 Nxg4 25. Rdg1 Bc8 26. e5 Bf5+ 27. Ka1 bxc3 28.
Nxc3 Qc2 29. b3 a5 30. Re1 cxb3 31. Nxb3 Rb4 32. Re2 Qxb3 33. axb3 Rxd4 34. exd6
exd6 35. Rhe1 Rf7 36. Re8+ Kg7 37. Ra8 Rd3 38. Kb2 Rc7 39. Nb5 Rd2+ 40. Ka3 Rcc2
41. Rxa5 Ra2+ 42. Kb4 Rxa5 43. Kxa5 Rxd5 44. Kb6 h5 45. b4 Rd3 46. Nc7 h4 47. b5
h3 48. Ne8+ Kh6 49. Kc7 h2 50. b6 Be4 51. b7 Rc3+ {White resigns} 0-1

[Event "Team 45 45 League T43"]
[Site "Internet Chess Club"]
[Date "2009.11.08"]
[Round "2"]
[White "Jack-ONeill"]
[Black "MeanMrMustard"]
[Result "1/2-1/2"]
[WhiteElo "2004"]
[BlackElo "1922"]
[Opening "QGD Slav: 4.Nc3"]
[ECO "D15"]
[Time "12:00:17"]
[TimeControl "2700+45"]

1. d4 d5 2. c4 c6 3. Nf3 Nf6 4. Nc3 a6 5. e3 b5 6. b3 Bg4 7. h3 Bxf3 8. Qxf3 e6
9. Bd2 Bb4 10. Qd1 O-O 11. Bd3 bxc4 12. bxc4 c5 13. dxc5 d4 14. Ne4 Bxd2+ 15.
Qxd2 dxe3 16. Qxe3 Qa5+ 17. Kf1 Nbd7 18. c6 Nxe4 19. Bxe4 Nf6 20. Bf3 Rab8 21.
g3 Rb4 22. Kg2 Rxc4 23. Rhc1 Rxc1 24. Rxc1 Nd5 25. Bxd5 Qxd5+ 26. Qf3 Rc8 27. c7
Kf8 28. Qxd5 exd5 29. Kf3 Ke7 30. Ke3 Kd6 31. Kd4 Rxc7 32. Rxc7 Kxc7 33. Kxd5
Kd7 34. f3 Kc7 35. Kc5 h6 36. a4 g6 37. h4 g5 38. hxg5 hxg5 39. g4 Kb7 40. a5
Kc7 41. Kd5 Kd7 42. Ke5 Ke7 43. Kf5 f6 44. f4 gxf4 45. Kxf4 Kf7 46. Kf5 Ke7 47.
Ke4 Ke6 48. Kf4 Kf7 49. Kf5 Ke7 50. Kg6 Ke6 51. Kh6 Ke5 52. Kg7 f5 53. gxf5 Kxf5
54. Kf7 Ke5 55. Ke7 Kd5 56. Kf6 Kc5 57. Ke5 Kb5 58. Kd5 Kxa5 59. Kc5 Ka4 60. Kc4
Ka3 61. Kc3 a5 62. Kc2 Ka2 63. Kc3 a4 64. Kc2 Ka1 65. Kc1 a3 66. Kc2 Ka2 67. Kc1
Kb3 68. Kb1 a2+ 69. Ka1 Ka3 {White stalemated} 1/2-1/2

[Event "Team 45 45 League T43"]
[Site "Internet Chess Club"]
[Date "2009.11.08"]
[Round "2"]
[White "onslaught"]
[Black "GaShMa"]
[Result "1-0"]
[WhiteElo "2155"]
[BlackElo "2110"]
[Opening "Benkö gambit"]
[ECO "A57"]
[Time "14:00:24"]
[TimeControl "2700+45"]

1. d4 Nf6 2. c4 c5 3. d5 b5 4. Qc2 Na6 5. a3 bxc4 6. e4 e6 7. Bxc4 exd5 8. exd5
Bd6 9. Nf3 Qe7+ 10. Be3 Ng4 11. O-O Nxe3 12. fxe3 Qxe3+ 13. Kh1 O-O 14. Nc3 Bb7
15. Rae1 Qh6 16. Qf5 Rad8 17. Ne4 Nc7 18. Nxd6 Qxd6 19. Ng5 Qg6 20. Re7 Qxf5 21.
Rxf5 g6 22. Rfxf7 Rxf7 23. Nxf7 Rf8 24. d6 Bd5 25. dxc7 Bxc4 26. Nh6+ Kh8 27. h4
Be6 28. Rxe6 {Black resigns} 1-0

[Event "Team 45 45 League T43"]
[Site "Internet Chess Club"]
[Date "2009.11.08"]
[Round "2"]
[White "SlimeDog2"]
[Black "Zebbile"]
[Result "1-0"]
[WhiteElo "2177"]
[BlackElo "1991"]
[Opening "QGD Slav/Grünfeld: Schlechter variation"]
[ECO "A40"]
[Time "20:00:36"]
[TimeControl "2700+45"]

1. d4 c6 2. c4 Nf6 3. Nf3 g6 4. Nc3 d5 5. b3 Bg7 6. Bb2 O-O 7. e3 Nbd7 8. Be2 b6
9. O-O Bb7 10. Rc1 c5 11. dxc5 bxc5 12. cxd5 Nxd5 13. Qd2 N5f6 14. Rfd1 Qa5 15.
Na4 Qc7 16. Bxf6 Nxf6 17. Nxc5 Rad8 18. Nxb7 Qxb7 19. Qxd8 Rxd8 20. Rxd8+ Bf8
21. Ne5 Qe4 22. Nd3 h5 23. Rcc8 Nh7 24. Nc5 Qf5 25. Nd7 Kg7 26. f3 Qg5 27. e4
Qd2 28. Kf1 Qxa2 29. Nxf8 Nf6 30. Rd3 Qa1+ 31. Kf2 Qa6 32. Rcd8 Qb6+ 33. Kf1 Qa5
34. Rd1 g5 35. Nd7 Qxd8 36. Nxf6 Qb8 37. Nxh5+ Kg6 38. Ng3 Qxb3 39. Nf5 Kf6 40.
Nd4 Qb8 41. g3 a5 42. Ra1 Qb2 43. Ra4 Qc3 44. Kf2 Qc5 45. Rc4 Qa7 46. f4 gxf4
47. gxf4 e6 48. Ra4 Qb6 49. e5+ Kg7 50. Kg3 Qb2 51. Bf3 Qd2 52. h3 Qe1+ 53. Kg2
Qd2+ 54. Ne2 Qe1 55. Ng3 Qd2+ 56. Be2 Kf8 57. Kf3 Qd5+ 58. Kg4 Qd2 59. Bf3 Qe1
60. h4 Qd2 61. Rc4 Qd7 62. Ne4 a4 63. Nf6 Qa7 64. Rc8+ Kg7 65. Kh5 {Black
resigns} 1-0

[Event "Team 45 45 League T43"]
[Site "Internet Chess Club"]
[Date "2009.11.05"]
[Round "2"]
[White "jonesey"]
[Black "adh2050"]
[Result "1/2-1/2"]
[WhiteElo "2018"]
[BlackElo "2022"]
[Opening "Bogo-Indian defense, Nimzovich variation"]
[ECO "E11"]
[Time "13:38:50"]
[TimeControl "2700+45"]

1. d4 Nf6 2. c4 e6 3. Nf3 Bb4+ 4. Bd2 Qe7 5. Nc3 Bxc3 6. Bxc3 Ne4 7. Qc2 Nxc3 8.
Qxc3 b6 9. g3 Bb7 10. Bg2 d6 11. O-O Nd7 12. b4 a5 13. a3 O-O 14. Rfc1 f5 15. c5
Nf6 16. cxd6 cxd6 17. Qc7 Qxc7 18. Rxc7 Bd5 19. b5 Ne4 20. Rac1 a4 21. Ne1 Rf7
22. Nd3 Ra5 23. Rc8+ Rf8 24. R8c7 Rf7 {Game drawn by mutual agreement} 1/2-1/2

[Event "Team 45 45 League T43"]
[Site "Internet Chess Club"]
[Date "2009.11.07"]
[Round "2"]
[White "Matusalen"]
[Black "Legal"]
[Result "1-0"]
[WhiteElo "2021"]
[BlackElo "2019"]
[Opening "Scandinavian: Icelandic gambit"]
[ECO "B01"]
[Time "16:13:14"]
[TimeControl "2700+45"]

1. e4 d5 2. exd5 Nf6 3. c4 e6 4. d4 exd5 5. Nc3 Be7 6. Nf3 O-O 7. Bd3 dxc4 8.
Bxc4 Nbd7 9. O-O Nb6 10. Bb3 Bg4 11. Be3 c6 12. h3 Bh5 13. g4 Bg6 14. Ne5 Nfd5
15. Nxg6 hxg6 16. Qf3 Rc8 17. Rad1 Qd7 18. Ne4 Rcd8 19. Bg5 Bxg5 20. Nxg5 Rde8
21. Rfe1 Re7 22. Re5 Rfe8 23. Rde1 f6 24. Rxe7 Rxe7 25. Rxe7 Qxe7 26. Ne4 g5 27.
Ng3 Kf8 28. Kf1 g6 29. Ne4 Nf4 30. h4 Kg7 31. h5 gxh5 32. Ng3 Qe8 33. gxh5 Nbd5
34. Bc2 Qe6 35. Bf5 Qe8 36. a3 a5 37. Bg4 Ne7 38. Qe4 Qf7 39. h6+ Kh8 40. Ne2
Qd5 41. f3 Qxe4 42. fxe4 Nxe2 43. Kxe2 Kh7 44. Kd3 Kxh6 45. Kc4 b6 46. b4 axb4
47. axb4 Kg6 48. b5 cxb5+ 49. Kxb5 f5 50. exf5+ Nxf5 51. d5 Kf6 52. Bxf5 Kxf5
53. d6 Kf4 54. d7 g4 55. d8=Q Kf3 56. Qd1+ {Black resigns} 1-0

[Event "Team 45 45 League T43"]
[Site "Internet Chess Club"]
[Date "2009.11.08"]
[Round "2"]
[White "easycure"]
[Black "chiiwen"]
[Result "1/2-1/2"]
[WhiteElo "2387"]
[BlackElo "2097"]
[Opening "Dutch defense"]
[ECO "A86"]
[Time "16:30:36"]
[TimeControl "2700+45"]

1. d4 f5 2. g3 Nf6 3. Bg2 g6 4. c4 d6 5. Nc3 Bg7 6. d5 Nbd7 7. Nh3 O-O 8. Nf4
Ne5 9. Qb3 c5 10. h4 h6 11. Qc2 Qe8 12. b3 a6 13. a4 b6 14. Bb2 Rb8 15. e3 Bd7
16. Rd1 Kh8 17. Nce2 Nfg4 18. Nc3 Nf6 19. Rd2 Rd8 20. Ne6 Bxe6 21. dxe6 Rb8 22.
Nd5 Nxd5 23. Bxd5 h5 24. O-O a5 25. Kg2 Ng4 26. Bxg7+ Kxg7 27. Qc3+ Kh7 28. f4
Rf6 29. Re2 Qh8 30. Qd3 Rff8 31. e4 Qg7 32. exf5 gxf5 33. Rd2 Qg6 34. Bf3 Rf6
35. Bd5 Rg8 36. Rf3 Rb8 37. Re2 Rff8 38. Qd1 Nf6 39. Rd3 Rg8 40. Qe1 Qg4 41. Kh2
Nxd5 42. cxd5 Qg6 43. Rf3 Qf6 44. Qd2 {Game drawn by mutual agreement} 1/2-1/2

[Event "Team 45 45 League T43"]
[Site "Internet Chess Club"]
[Date "2009.11.07"]
[Round "2"]
[White "perikitosax"]
[Black "jorobo"]
[Result "1-0"]
[WhiteElo "2126"]
[BlackElo "2161"]
[Opening "QGD: Tarrasch, Prague variation, 9.Bg5"]
[ECO "D34"]
[Time "11:13:45"]
[TimeControl "2700+45"]

1. d4 d5 2. Nf3 e6 3. c4 c5 4. cxd5 exd5 5. Nc3 Nc6 6. g3 Nf6 7. Bg2 Be7 8. O-O
O-O 9. Bg5 Be6 10. dxc5 Bxc5 11. Bxf6 Qxf6 12. Nxd5 Qxb2 13. Nc7 Rad8 14. Qc1
Qxc1 15. Raxc1 b6 16. Nxe6 fxe6 17. e3 h6 18. Rfd1 Nb4 19. a4 Nd3 20. Rc4 Ne5
21. Rxd8 Nxc4 22. Rd7 a5 23. Nd4 Ne5 24. Rb7 Rf6 25. Nxe6 Rxe6 26. Bd5 Nf3+ 27.
Kg2 Ng5 28. h4 Kf8 29. hxg5 Re5 30. gxh6 gxh6 31. e4 Re7 32. f4 Rxb7 33. Bxb7
Ke7 34. Kf3 Kd6 35. e5+ Ke6 36. Ke4 h5 37. Bd5+ Ke7 38. f5 Bf2 39. Kf4 h4 40.
f6+ Kf8 41. gxh4 Bxh4 42. Kf5 Be1 43. e6 Bb4 44. Bc6 Bc5 45. Ke5 Bb4 46. Kd5 Bc5
47. Kc4 Ba3 48. Kb5 Bc5 49. Ka6 {Black resigns} 1-0

[Event "Team 45 45 League T43"]
[Site "Internet Chess Club"]
[Date "2009.11.07"]
[Round "2"]
[White "Ser-Enigma"]
[Black "TerryMalloy"]
[Result "1/2-1/2"]
[WhiteElo "2134"]
[BlackElo "2052"]
[Opening "Benkö gambit"]
[ECO "A57"]
[Time "12:01:09"]
[TimeControl "2700+45"]

1. d4 Nf6 2. c4 c5 3. d5 b5 4. Bg5 Ne4 5. Bf4 d6 6. f3 Qa5+ 7. Nd2 Nf6 8. e4
bxc4 9. Ne2 Nh5 10. Be3 Nd7 11. Nc3 Ne5 12. Nxc4 Nxc4 13. Bxc4 Rb8 14. Qe2 g6
15. O-O Bg7 16. Rac1 Bd7 17. g4 Nf6 18. e5 dxe5 19. Qf2 O-O 20. b3 Rbc8 21. Rfd1
Rfd8 22. Kh1 Ne8 23. Ne4 Nd6 24. Nxc5 Bb5 25. Bxb5 Qxb5 26. Qd2 Rc7 27. a4 Qe8
28. Na6 Rb7 29. b4 Qxa4 30. Nc5 Qxb4 31. Nxb7 Qxb7 32. Qa5 Ra8 33. Rb1 Qd7 34.
Rdc1 e4 35. Rc7 Qd8 36. Rxa7 Qxa5 37. Rxa5 Re8 38. Ra4 exf3 39. Kg1 f5 40. gxf5
Nxf5 41. Bc5 Rd8 42. Rd1 Rc8 43. Bb6 Be5 44. Re4 Bd6 45. Bf2 Rc3 46. h4 Kf7 47.
Rg4 {Game drawn by mutual agreement} 1/2-1/2

[Event "Team 45 45 League T43"]
[Site "Internet Chess Club"]
[Date "2009.11.07"]
[Round "2"]
[White "Malcolm"]
[Black "gaibo4ever"]
[Result "0-1"]
[WhiteElo "1803"]
[BlackElo "2138"]
[Opening "Dunst (Sleipner, Heinrichsen) opening"]
[ECO "A00"]
[Time "09:57:52"]
[TimeControl "2700+45"]

1. Nc3 d5 2. e4 d4 3. Nce2 e5 4. Ng3 Be6 5. Nf3 Nd7 6. c3 c5 7. Bb5 Bd6 8. b4
Qb6 9. bxc5 Qxc5 10. a4 Nf6 11. Ba3 Qb6 12. Rb1 Qc7 13. Bxd6 Qxd6 14. cxd4 O-O
15. d5 Bg4 16. Bxd7 Bxd7 17. Rxb7 Qa6 18. Rb4 Rab8 19. Qb3 Rxb4 20. Qxb4 Bxa4
21. Nxe5 Bb5 22. f3 Re8 23. d4 Nxd5 24. Qb2 Nf4 25. Qd2 Nd3+ 26. Nxd3 Bxd3 27.
Kf2 Qc4 28. Ne2 Bxe2 29. Qxe2 Qxd4+ 30. Qe3 Qb2+ 31. Qe2 Qb6+ 32. Qe3 Qb2+ 33.
Qe2 Rb8 34. Qxb2 Rxb2+ 35. Kg3 a5 36. Ra1 Rb5 37. h4 f6 38. Kf4 Kf7 39. g4 h6
40. Kg3 Ke6 41. f4 Kd6 42. Ra4 Kc6 43. f5 Rb3+ 44. Kf4 Kb5 45. Ra1 a4 46. g5 h5
47. gxf6 gxf6 48. Rd1 a3 49. e5 Rb4+ 50. Kg3 Rb3+ 51. Kf4 Rb4+ 52. Kg3 fxe5 53.
Rd5+ Ka4 54. Rxe5 a2 55. Re8 Ka3 {White resigns} 0-1

[Event "Team 45 45 League T43"]
[Site "Internet Chess Club"]
[Date "2009.11.10"]
[Round "2"]
[White "Wheels"]
[Black "Giacometti"]
[Result "1-0"]
[WhiteElo "1996"]
[BlackElo "1758"]
[Opening "Caro-Kann: Tartakower (fantasy) variation"]
[ECO "B12"]
[Time "21:38:19"]
[TimeControl "2700+45"]

1. e4 c6 2. d4 d5 3. f3 e6 4. Nc3 Bd6 5. Nh3 e5 6. Nf2 dxe4 7. dxe5 Bxe5 8.
Qxd8+ Kxd8 9. Ncxe4 Nf6 10. Bc4 Nxe4 11. Nxe4 f5 12. Ng5 Re8 13. Nf7+ Kc7 14.
Nxe5 Rxe5+ 15. Kf2 Re7 16. Bf4+ Kb6 17. Rad1 Nd7 18. Bd6 Re8 19. Bf7 Rd8 20.
Rhe1 Nf6 21. Bc5+ Kc7 22. Rxd8 Kxd8 23. Be7+ Kc7 24. Bxf6 gxf6 25. Re7+ Bd7 26.
Be6 Rd8 27. Rxh7 Kd6 28. Bxd7 Rxd7 29. Rxd7+ Kxd7 30. Ke3 Ke6 31. Kf4 {Black
resigns} 1-0

[Event "Team 45 45 League T43"]
[Site "Internet Chess Club"]
[Date "2009.11.05"]
[Round "2"]
[White "DanMcClintic"]
[Black "Portola"]
[Result "0-1"]
[WhiteElo "1609"]
[BlackElo "1846"]
[Opening "English: Anglo-Dutch defense"]
[ECO "A10"]
[Time "23:00:21"]
[TimeControl "2700+45"]

1. c4 f5 2. g3 e6 3. Bg2 Nf6 4. Nf3 Nc6 5. O-O Be7 6. Nc3 O-O 7. d3 Rb8 8. e4
fxe4 9. dxe4 d6 10. Rb1 e5 11. Nd5 Bg4 12. Qd3 Nxd5 13. cxd5 Nb4 14. Qb3 Na6 15.
Nd2 Be2 16. Re1 Nc5 17. Qc3 Ba6 18. Bf1 Bxf1 19. Rxf1 Bg5 20. Qc2 Qd7 21. Nc4
Bxc1 22. Rbxc1 Qh3 23. Nxe5 Rbe8 24. f4 dxe5 25. Qxc5 exf4 26. Rf3 Rxe4 27. Qf2
Rfe8 28. gxf4 Qh6 29. Rf1 Re2 30. Qg3 Qb6+ 31. R3f2 R2e3 32. Qh4 Rd3 33. f5 Rf8
34. Kh1 Rxd5 35. f6 g6 36. f7+ Kg7 37. Qf6+ Qxf6 38. Rxf6 Rd7 39. R6f2 Rdxf7 40.
Kg2 Rxf2+ 41. Rxf2 Rxf2+ 42. Kxf2 Kf6 43. h4 Kf5 44. Kf3 c5 45. a4 a5 46. b3 b6
47. Kg3 h5 48. Kf3 g5 49. hxg5 Kxg5 50. Kg3 Kf5 51. Kh4 Ke4 52. Kxh5 Kd3 53. Kg4
Kc3 54. Kf3 Kxb3 55. Ke2 Kxa4 56. Kd2 Kb3 57. Kc1 a4 58. Kb1 c4 59. Ka1 Ka3 60.
Kb1 b5 61. Kc2 b4 62. Kb1 Kb3 63. Ka1 Kc2 64. Ka2 b3+ 65. Ka3 b2 66. Kxa4 b1=Q
67. Ka5 Kd3 68. Ka4 Kd4 69. Ka5 Kc5 70. Ka6 Qb6# {White checkmated} 0-1

[Event "Team 45 45 League T43"]
[Site "Internet Chess Club"]
[Date "2009.11.08"]
[Round "2"]
[White "g8wrb"]
[Black "cobra2008"]
[Result "0-1"]
[WhiteElo "1475"]
[BlackElo "1651"]
[Opening "Ruy Lopez: Wormald (Alapin) attack"]
[ECO "C77"]
[Time "11:01:04"]
[TimeControl "2700+45"]

1. e4 e5 2. Nf3 Nc6 3. Bb5 a6 4. Ba4 Nf6 5. Qe2 Bc5 6. O-O b5 7. Bb3 O-O 8. a3
d5 9. exd5 Nd4 10. Nxd4 exd4 11. d3 Re8 12. Qf3 Bg4 13. Qg3 Be2 14. Re1 Nh5 15.
Qg5 Bxd3 16. Qxd8 Raxd8 17. Rxe8+ Rxe8 18. Bd2 Bg6 19. Kf1 Nf6 20. Ba5 d3 21.
Nd2 dxc2 22. Bxc7 Bd4 23. Bxc2 Bxc2 24. Rc1 Bd3+ 25. Kg1 Bxb2 26. Rd1 Bc2 27.
Rf1 Nxd5 28. Bd6 Bd3 29. Rd1 Nc3 {White resigns} 0-1

[Event "Team 45 45 League T43"]
[Site "Internet Chess Club"]
[Date "2009.11.08"]
[Round "2"]
[White "AlterEgo"]
[Black "AtomicDog"]
[Result "1-0"]
[WhiteElo "1483"]
[BlackElo "1312"]
[Opening "QGD semi-Slav: 5.e3"]
[ECO "D45"]
[Time "10:38:04"]
[TimeControl "2700+45"]

1. c4 Nf6 2. Nc3 e6 3. d4 d5 4. Nf3 c6 5. e3 Be7 6. Bd3 O-O 7. O-O Nbd7 8. c5 b6
9. b4 bxc5 10. dxc5 e5 11. Nd2 e4 12. Be2 Ne5 13. Bb2 Bg4 14. Nb3 Bxe2 15. Qxe2
Qc7 16. Nd4 Neg4 17. f4 exf3 18. Nxf3 h5 19. h3 Nh6 20. Nd4 Nfg4 21. Nf3 Nf6 22.
Nd1 Ne4 23. Be5 Qd7 24. Bh2 Bf6 25. Ne5 Qe8 26. Qxh5 Bg5 27. Nf3 Bxe3+ 28. Nxe3
Nd2 29. Rfe1 Nxf3+ 30. Qxf3 Qe4 31. Qxe4 dxe4 32. Nc4 f5 33. Nd6 Rad8 34. a4 Rf6
35. b5 cxb5 36. axb5 Nf7 37. Rxa7 g5 38. Nxf7 Rxf7 39. Rxf7 Kxf7 40. b6 Re8 41.
b7 f4 42. Bxf4 gxf4 43. Rxe4 Rxe4 44. b8=Q Re1+ 45. Kh2 Re8 46. Qxf4+ {Black
resigns} 1-0

[Event "Team 45 45 League T43"]
[Site "Internet Chess Club"]
[Date "2009.11.06"]
[Round "2"]
[White "noblitz-oblige"]
[Black "cknights"]
[Result "1/2-1/2"]
[WhiteElo "1684"]
[BlackElo "1744"]
[Opening "English: symmetrical, main line with d3"]
[ECO "A38"]
[Time "21:38:09"]
[TimeControl "2700+45"]

1. c4 c5 2. Nc3 Nc6 3. g3 g6 4. Bg2 Bg7 5. Nf3 Nf6 6. O-O O-O 7. d3 d6 8. b3 b6
9. Ne5 dxe5 10. Bxc6 Rb8 11. Bb2 Bb7 12. Bxb7 Rxb7 13. Qc2 Qd7 14. Rad1 Qh3 15.
f3 Nh5 16. e4 f5 17. Qg2 Qxg2+ 18. Kxg2 e6 19. a3 Rbf7 20. b4 Rb7 21. Bc1 h6 22.
Be3 f4 23. Bg1 Rc8 24. bxc5 bxc5 25. Rb1 Rbc7 26. Rb5 g5 27. Na4 Bf8 28. Rfb1
Bd6 29. Rb7 Nf6 30. Nc3 h5 31. Rxc7 Bxc7 32. Bxc5 Ba5 33. Bb4 Bb6 34. Bd6 Nd7
35. Na4 Rc6 36. Be7 g4 37. Nxb6 axb6 38. fxg4 hxg4 39. Kf2 f3 40. h3 Kf7 41. Bb4
gxh3 42. Rh1 Nc5 43. Bxc5 Rxc5 44. Rxh3 Ra5 45. g4 Rxa3 46. Rxf3+ Kg6 47. Kg3
Ra1 48. Kf2 Ra2+ 49. Ke3 Ra1 50. Rg3 Kg5 51. Kf2 Rd1 52. Ke2 Rh1 53. Kd2 Rb1 54.
Ke3 Rd1 55. Rg2 Re1+ 56. Kd2 Rb1 57. Kc3 Rc1+ 58. Kb4 Rb1+ 59. Kc3 Rc1+ 60. Kd2
Rb1 61. Kc3 Rc1+ 62. Kb4 Rb1+ 63. Kc3 {Game drawn by repetition} 1/2-1/2

[Event "Team 45 45 League T43"]
[Site "Internet Chess Club"]
[Date "2009.11.06"]
[Round "2"]
[White "achessfool"]
[Black "RD1974"]
[Result "0-1"]
[WhiteElo "1512"]
[BlackElo "1654"]
[Opening "Scandinavian (center counter) defense"]
[ECO "B01"]
[Time "16:02:21"]
[TimeControl "2700+45"]

1. e4 d5 2. exd5 Qxd5 3. Nf3 Nf6 4. d4 a6 5. c4 Qd6 6. Be2 Nc6 7. O-O Bg4 8. h3
Bh5 9. Be3 e6 10. Nc3 Be7 11. Qb3 O-O 12. Rfd1 Na5 13. Qa4 Nc6 14. d5 exd5 15.
cxd5 b5 16. Qc2 Bg6 17. Bd3 Nb4 18. Qb1 Nxd3 19. Rxd3 Bxd3 20. Qxd3 c5 21. Rd1
c4 22. Qc2 Rfd8 23. Ne4 Nxe4 24. Qxe4 h6 25. Ne5 Bf6 26. Nc6 Re8 27. Qc2 Rac8
28. b4 Rxc6 29. dxc6 Qxc6 30. Qf5 Qe6 31. Qf3 c3 32. Qg3 Kh7 33. Rf1 Qxa2 34.
Bc1 Qc4 35. Qd6 Qe6 36. Qd3+ Qe4 37. Qd7 Kg6 38. Qd6 Re6 39. Qg3+ Kh7 40. Qc7
Qxb4 41. Qxf7 Qc4 42. Qh5 b4 43. Qf5+ Kg8 44. Rd1 b3 45. Qg6 c2 46. Rd7 Qe4 47.
Qg3 Qe1+ 48. Kh2 Be5 49. Bf4 Bxf4 50. Rxg7+ Kf8 51. Rg8+ Ke7 52. Qxf4 Qe5 53.
Rg7+ Kd6 54. Rf7 Qxf4+ 55. Rxf4 c1=Q 56. Rd4+ Kc5 {White resigns} 0-1

[Event "Team 45 45 League T43"]
[Site "Internet Chess Club"]
[Date "2009.11.07"]
[Round "2"]
[White "OGO"]
[Black "TheronUAL"]
[Result "1-0"]
[WhiteElo "1539"]
[BlackElo "1491"]
[Opening "Caro-Kann: Panov-Botvinnik attack"]
[ECO "B13"]
[Time "10:05:22"]
[TimeControl "2700+45"]

1. e4 c6 2. d4 d5 3. exd5 cxd5 4. c4 Nf6 5. Bg5 Nc6 6. c5 Qa5+ 7. Nc3 Bf5 8. a3
e6 9. b4 Qd8 10. Nf3 Be7 11. Be2 Ne4 12. Bxe7 Qxe7 13. Qb3 Nxc3 14. Qxc3 O-O 15.
O-O Bg4 16. Rfc1 Qf6 17. Rd1 a6 18. a4 a5 19. b5 Nb4 20. Rd2 Rac8 21. Ne5 Bxe2
22. Rxe2 Rfd8 23. Re3 Qf5 24. Rf3 Qc2 25. Rc1 Qxa4 26. Rxf7 Qxb5 27. Qg3 g6 28.
Qh4 h5 29. Qf6 Rf8 30. Qg7# {Black checkmated} 1-0

[Event "Team 45 45 League T43"]
[Site "Internet Chess Club"]
[Date "2009.11.11"]
[Round "2"]
[White "BishopMike"]
[Black "islanderpfeifer"]
[Result "0-1"]
[WhiteElo "1499"]
[BlackElo "1576"]
[Opening "Sicilian defense"]
[ECO "B44"]
[Time "12:04:52"]
[TimeControl "2700+45"]

1. e4 c5 2. Nf3 Nc6 3. d4 cxd4 4. Nxd4 e6 5. Be3 Nf6 6. Nc3 Bb4 7. Bd3 a6 8. O-O
O-O 9. Nce2 Qc7 10. Nf3 Re8 11. c3 Bd6 12. Ned4 Ne5 13. Nxe5 Bxe5 14. Nf3 Bd6
15. e5 Bxe5 16. Nxe5 Qxe5 17. Qf3 Qc7 18. Bf4 e5 19. Rfe1 exf4 20. Bxh7+ Kxh7
21. Qh3+ Kg8 22. Rxe8+ Nxe8 23. Re1 Nf6 24. Qf5 d5 25. Qg5 Be6 26. Re5 Rc8 27.
Qxf4 Qb6 28. b3 Rxc3 29. Rg5 Ne4 30. Qb8+ Rc8 31. Rxg7+ Kxg7 32. Qe5+ f6 {White
resigns} 0-1